 Dungeon Crawl Stone Soup version 0.30-a0-737-gf23d94013f (webtiles) character file.

Game seed: 851423336438507912

46 Majang the Chopper (level 3, 0/28 HPs)
             Began as a Vampire Gladiator on Feb 1, 2023.
             Succumbed to an adder's poison
             ... on level 2 of the Dungeon.
             The game lasted 00:03:43 (973 turns).

Majang the Chopper (Vampire Gladiator)               Turns: 973, Time: 00:03:43

Health: 0/28       AC:  9    Str: 15    XL:     3   Next: 46%
Magic:  3/3        EV:  7    Int: 10    God:
Gold:   44         SH:  0    Dex: 15    Spells: 2/2 levels left

rFire   . . .      SeeInvis +    a - +2 hand axe (elec)
rCold   . . .      Faith    .    (no shield)
rNeg    . . .      Spirit   .    o - +0 chain mail
rPois   .          Reflect  .    c - +0 helmet
rElec   .          Harm     .    (no cloak)
rCorr   .          Rampage  .    (no gloves)
Will    .....                    (no boots) Stlth
                                 (no amulet)
HPRegen 0.44/turn                (no ring)
MPRegen 0.08/turn                (no ring)

@: brilliant, lethally poisoned (0 -> -3), attractive, healing quickly
A: alive, fangs 3, see invisible, vampiric 2
a: Exsanguinate


You were on level 2 of the Dungeon.
You visited 1 branch of the dungeon, and saw 2 of its levels.

You collected 44 gold pieces.

Inventory:

Hand Weapons
 a - a +2 hand axe of electrocution (weapon)
 m - a +0 war axe
Missiles
 d - 3 throwing nets (quivered)
 e - a javelin
Armour
 b - a +0 leather armour
 c - a +0 helmet (worn)
 o - a +0 chain mail (worn)
Jewellery
 q - a +4 ring of protection
Scrolls
 f - a scroll of fear {unknown}
 g - 4 scrolls of identify {unknown}
 i - 2 scrolls of fog {unknown}
 j - a scroll of magic mapping {unknown}
 l - a scroll of noise {unknown}
Potions
 n - a potion of degeneration {unknown}
 p - a potion of mutation {unknown}


   Skills:
 + Level 2.4 Fighting
 * Level 3.7 Axes
 - Level 1.5 Throwing
 - Level 3.2 Dodging


You had 2 spell levels left.
You didn't know any spells.
Your spell library was empty.

Dungeon Overview and Level Annotations

Branches:
Dungeon (2/15)

Altars:


Innate Abilities, Weirdness & Mutations

Your natural rate of healing is accelerated.
You have razor-sharp teeth.
You have supernaturally acute eyesight. (SInv)
You are afflicted with vampirism and can become a bat while bloodless.


Message History

You closely miss the adder. Your bite misses the adder.
You hit the adder but do no damage. The adder bites you.
You are poisoned.
The adder poisons you! The adder bites you but does no damage.
The adder bites you.
You hit the adder.
The adder is severely wounded.
You hit the adder but do no damage. You hit the worm.
You feel sick. The adder bites you.
You are more poisoned.
The adder poisons you! The adder bites you. x2
You are more poisoned.
The adder poisons you! The worm bites you.
You slash the adder! Lightning courses through the adder!
You kill the adder!
You barely miss the worm. You closely miss the adder.
You feel very sick. The adder bites you but does no damage.
You closely miss the adder. You hit the worm.
Lightning courses through the worm!
* * * LOW HITPOINT WARNING * * *
You feel very sick. The adder barely misses you. The worm bites you.
* * * LOW HITPOINT WARNING * * *
The adder bites you.
* * * LOW HITPOINT WARNING * * *
You slash the adder!
The adder is heavily wounded.
You hit the worm but do no damage.
* * * LOW HITPOINT WARNING * * *
You feel sick. The adder bites you but does no damage.
The worm barely misses you.
It was a potion of brilliance.
You feel clever all of a sudden.
* * * LOW HITPOINT WARNING * * *
You feel sick. The adder bites you but does no damage.
The adder closely misses you.
It was a potion of attraction.
You feel attractive to monsters.
You die...

.. ##. . ####... . .
....... .. #. .....?....
...#.###.....##..#
...................
......w.S..........
.##...@##....#...#
.........#....#...
...........>...##
.###............#
#..###........###### .
.........................
.................##..##...
........................
.................####.##


You could see a worm and an adder.

Vanquished Creatures
  An adder (D:2)
  2 dart slugs
  3 ball pythons (D:1)
  3 endoplasms
  6 giant cockroaches
  A goblin (D:1)
  A hobgoblin (D:1)
  4 jackals (D:2)
  3 kobolds (D:1)
  A quokka (D:1)
  3 bats (D:1)
  2 frilled lizards (D:1)
30 creatures vanquished.

Notes
Turn   | Place    | Note
-------+----------+-------------------------------------------
     0 | D:1      | Majang the Vampire Gladiator began the quest for the Orb.
     0 | D:1      | Reached XP level 1. HP: 16/16 MP: 1/1
   258 | D:1      | Reached XP level 2. HP: 22/22 MP: 2/2
   923 | D:2      | Gained mutation: You are afflicted with vampirism and can
                  | become a bat while bloodless. [Vampire growth]
   923 | D:2      | Reached XP level 3. HP: 27/27 MP: 3/3
   972 | D:2      | HP: 1/28 [poisoned by an adder]
   973 | D:2      | Succumbed to an adder's poison

Illustrated notes

Levels and vault maps discovered:
D:1:      evilmike_arrival_rings, layout_basic, corexii_item_surrounded_by_moat,
          minmay_tromino_v4_a
D:2:      layout_rooms, uniq_robin

Skill      XL: |  1 |
---------------+----+-----
Fighting       | 2 |  2.4
Axes           | 3 |  3.7
Throwing       | |  1.5
Dodging        | |  3.2

Action                     || total
---------------------------++-------
  Melee: War axe           ||    39
         Bite              ||     3
         Punch             ||     1
         Hand axe          ||    43
    Use: Potion            ||     2
 Armour: Leather armour    ||    19
         Chain mail        ||    34
  Dodge: Dodged            ||    59

Table legend: (Time is in decaauts)
 A = Elapsed time spent in this place.
 B = Non-inter-level travel time spent in this place.
 C = Inter-level travel time spent in this place.
 D = Time resting spent in this place.
 E = Time spent auto-exploring this place.
 F = Levels seen in this place.
 G = Mean time per level.
                   A        B        C        D        E       F      G
               +--------+--------+--------+--------+--------+-----+--------+
         Total |    991 |    959 |     32 |      7 |    674 |   2 |  495.5 |
       Dungeon |    991 |    959 |     32 |      7 |    674 |   2 |  495.5 |
               +--------+--------+--------+--------+--------+-----+--------+

Top non-repeatable levels by time:
     D:1: 909 daAuts
     D:2: 82 daAuts
